 Dungeon Crawl Stone Soup version 0.23.2-1-ga50397a6bc (webtiles) character file.

Game seed: 8301548187922731139

47 MisterOstroum the Charmwright (level 3, -7/28 HPs)
             Began as a Human Skald on May 21, 2019.
             Mangled by an orc warrior
             ... wielding a +0 hand axe
              (15 damage)
             ... on level 2 of the Dungeon.
             The game lasted 00:03:57 (2355 turns).

MisterOstroum the Charmwright (Human Skald)         Turns: 2355, Time: 00:03:58

Health: -7/28      AC:  4    Str: 12    XL:     3   Next: 97%
Magic:  3/6        EV: 12    Int: 13    God:
Gold:   64         SH:  0    Dex: 12    Spells: 0/6 levels left

rFire    . . .     SeeInvis .   a - +0 spear
rCold    . . .     Gourm    .   (no shield)
rNeg     . . .     Faith    .   b - +0 leather armour
rPois    .         Spirit   .   (no helmet)
rElec    .         Reflect  .   f - +0 cloak
rCorr    .         Harm     .   (no gloves)
MR       .....                  (no boots)
Stlth    +.........             (no amulet)
HPRegen  0.09/turn              (no ring)
MPRegen  0.10/turn              (no ring)

@: infused
A: no striking features
a: no special abilities


You were on level 2 of the Dungeon.
You were not hungry.

You visited 1 branch of the dungeon, and saw 2 of its levels.

You collected 64 gold pieces.

Inventory:

Hand Weapons
 a - a +0 spear (weapon)
 j - a cursed -2 hand axe
Missiles
 c - 19 sling bullets
 d - 7 stones (quivered)
Armour
 b - a +0 leather armour (worn)
 f - a +0 cloak (worn)
Scrolls
 g - 2 scrolls of blinking {unknown}
Potions
 i - a potion of berserk rage {unknown}
 k - a potion of cancellation {unknown}
Comestibles
 e - 4 rations


   Skills:
 + Level 2.5 Fighting
 * Level 3.0 Polearms
 + Level 1.3 Armour
 - Level 2.0 Dodging
 - Level 2.2 Spellcasting
 - Level 3.1 Charms


You couldn't memorise any spells.
You knew the following spells:

 Your Spells              Type           Power        Failure   Level  Hunger
a - Infusion              Chrm           #...         9%          1    ##.....
b - Shroud of Golubria    Chrm/Tloc      #.........   26%         2    ###....
c - Spectral Weapon       Hex/Chrm       #.......     45%         3    ####...

Your spell library contained the following spells:

 Spells                   Type           Power        Failure   Level  Hunger
 Song of Slaying          Chrm           #.......     13%         2    ###....
 Regeneration             Chrm/Necr      #.........   45%         3    ####...


Dungeon Overview and Level Annotations

Branches:
Dungeon (2/15)

Altars:
Cheibriados


Message History

The orc warrior hits you with a +0 hand axe!
Ouch! That really hurt!
You hit the orc warrior but do no damage.
The orc warrior closely misses you.
You hit the orc warrior but do no damage.
The orc warrior hits you with a +0 hand axe.
You hit the orc warrior but do no damage.
The orc warrior hits you with a +0 hand axe.
* * * LOW HITPOINT WARNING * * *
It was a potion of haste.
You feel yourself speed up. The orc warrior barely misses you.
A bat comes into view.
The bat moves out of view.
Found 8 gold pieces.
Found a snail-covered altar of Cheibriados.
The bat hits you but does no damage. The bat closely misses you.
The bat closely misses you. The bat hits you.
* * * LOW HITPOINT WARNING * * *
The bat barely misses you.
Really walk into that teleport trap?
You enter a teleport trap!
The teleport trap disappears.
Your surroundings suddenly seem different.
Your magical infusion is running out.
Okay, then.
Casting: Infusion (safe; 9% risk of failure)
Confirm with . or Enter, or press ? or * to list all spells.
You don't know that spell.
Unknown command.
Casting: Infusion (safe; 9% risk of failure)
Confirm with . or Enter, or press ? or * to list all spells.
Space distorts slightly along a thin shroud covering your body.
The orc closely misses you.
You hit the orc.
The orc is almost dead.
You barely miss the orc.
The orc is almost dead.
You hit the orc.
You kill the orc!
You hit the orc.
The orc is almost dead.
The orc hits you with a +0 dagger.
* * * LOW HITPOINT WARNING * * *
You hit the orc.
You kill the orc!
You are no longer magically infusing your attacks.
Your shroud begins to fray at the edges.
You see here a hobgoblin skeleton.
You see here a jackal skeleton.
There is a stone staircase leading up here.
Your shroud unravels.
You climb upwards.
There is a stone staircase leading down here.
You start resting.
Your extra speed is starting to run out.
You start resting.
You feel yourself slow down.
You start resting.
Magic restored.
All of the chunks of flesh in your inventory have rotted away.
You are feeling hungry.
You eat one of the 5 rations.
That ration really hit the spot!
You start resting.
HP restored.
Casting: Shroud of Golubria (safe; 26% risk of failure)
Confirm with . or Enter, or press ? or * to list all spells.
You begin infusing your attacks with magical energy.
Casting: Infusion (safe; 9% risk of failure)
Confirm with . or Enter, or press ? or * to list all spells.
Space distorts slightly along a thin shroud covering your body.
You climb downwards.
Your shroud bends the orc warrior's attack away.
There is a stone staircase leading up here.
You hit the orc warrior but do no damage.
The orc warrior barely misses you.
You hit the orc warrior but do no damage.
You hit the orc warrior but do no damage.
Your shroud begins to fray at the edges.
The orc warrior hits you but does no damage.
You closely miss the orc warrior.
The orc warrior hits you with a +0 hand axe!
You hit the orc warrior.
The orc warrior is lightly wounded.
The orc warrior hits you with a +0 hand axe!
* * * LOW HITPOINT WARNING * * *
Your shroud falls apart!
You barely miss the orc warrior.
The orc warrior is lightly wounded.
The orc warrior hits you but does no damage.
You hit the orc warrior but do no damage.
The orc warrior is lightly wounded.
The orc warrior misses you.
You hit the orc warrior but do no damage.
The orc warrior is lightly wounded.
You hit the orc warrior but do no damage.
The orc warrior is lightly wounded.
The orc warrior hits you with a +0 hand axe!
Ouch! That really hurt!
You die...

#................#
#..#....#####.##.#
........# #.##.# #
........# ###.##.#
.# #..####.#
#......# #.# #.. #.#
#.###..##### #.# #.
#..... #....÷.# #.#
# #
#####.###.o###÷##.##
( #.....@##......##
###
#####..##.o..#..#
##..
#..##......#.###...
#..#......## ##....
#..#.###..# #....b
#......#..# #.....
#.##.#%#..####.....
#. #.....))........
###.##.#####....


You could see an orc warrior.

Vanquished Creatures
  An adder (D:2)
  A worm (D:2)
  A leopard gecko (D:1)
  2 orcs (D:2)
  2 ball pythons
  A giant cockroach (D:1)
  5 hobgoblins
  4 jackals (D:2)
  6 kobolds
  3 bats (D:1)
  4 frilled lizards
  2 rats (D:1)
32 creatures vanquished.

Notes
Turn   | Place    | Note
-------+----------+-------------------------------------------
     0 | D:1      | MisterOstroum the Human Skald began the quest for the Orb.
     0 | D:1      | Reached XP level 1. HP: 16/16 MP: 3/3
   278 | D:1      | Reached XP level 2. HP: 20/22 MP: 5/5
   837 | D:1      | Learned a level 2 spell: Shroud of Golubria
  1148 | D:1      | Reached XP level 3. HP: 27/27 MP: 6/6
  1480 | D:2      | Learned a level 3 spell: Spectral Weapon
  2033 | D:2      | Noticed an orc warrior
  2049 | D:2      | Found a snail-covered altar of Cheibriados.
  2355 | D:2      | Mangled by an orc warrior

Skill      XL: |  1  2  3 |
---------------+----------+-----
Polearms       | 3 |  3.0
Fighting       | |  2.5
Armour         | |  1.3
Dodging        | |  2.0
Spellcasting   | |  2.2
Charms         | |  3.1

Action                   || total
-------------------------++-------
Melee: Spear             ||   132
Throw: Stone             ||    40
 Cast: Infusion          ||     8
       Shroud of Golubri ||     2
  Use: Potion            ||     1
  Eat: Chunk             ||     4
       Ration            ||     1
Armor: Skin              ||     1
       Leather armour    ||    11
Dodge: Dodged            ||    54
